 Dungeon Crawl Stone Soup version 0.26.1-11-gd32895ea62 (webtiles) character file.

Game seed: 8584481699703838544

213 jifgo the Magician (level 5, -2/29 HPs)
             Began as a Deep Elf Fire Elementalist on May 11, 2021.
             Was a Follower of Vehumet.
             Slain by an ice beast (6 damage)
             ... on level 4 of the Dungeon.
             The game lasted 00:07:40 (2923 turns).

jifgo the Magician (Deep Elf Fire Elementalist)     Turns: 2923, Time: 00:07:41

Health: -2/29      AC:  2    Str:  5    XL:     5   Next: 59%
Magic:  9/13       EV: 14    Int: 21    God:    Vehumet [*.....]
Gold:   144        SH:  0    Dex: 15    Spells: 3/12 levels left

rFire    . . .     SeeInvis .   c - +0 dagger
rCold    . . .     Faith    .   (no shield)
rNeg     . . .     Spirit   .   a - +0 robe
rPois    .         Reflect  .   (no helmet)
rElec    .         Harm     .   (no cloak)
rCorr    .         Rampage  .   (no gloves)
Will     .....                  (no boots)
Stlth    +++.......             (no amulet)
HPRegen  0.09/turn              (no ring)
MPRegen  0.13/turn              (no ring)

@: no status effects
A: no striking features
a: Renounce Religion


You were on level 4 of the Dungeon.
You worshipped Vehumet.
Vehumet was aware of your devotion.
You visited 1 branch of the dungeon, and saw 5 of its levels.

You collected 144 gold pieces.

Inventory:

Hand Weapons
 c - a +0 dagger (weapon)
Missiles
 o - 2 silver javelins
 s - 10 poisoned darts
Armour
 a - a +0 robe (worn)
Jewellery
 h - an uncursed ring of resist corrosion {unknown}
Scrolls
 b - 2 scrolls of fog {unknown}
 d - 3 scrolls of identify {unknown}
 l - a scroll of enchant weapon {unknown}
 n - a scroll of enchant armour {unknown}
 p - a scroll of immolation {unknown}
 q - 2 scrolls of blinking {unknown}
 t - a scroll of magic mapping {unknown}
Potions
 e - 5 potions of curing {unknown}
 f - a potion of flight {unknown}
 g - 2 potions of degeneration {unknown}
 i - a potion of brilliance {unknown}
 j - a potion of might {unknown}
 k - 2 potions of mutation {unknown}
 m - a potion of lignification {unknown}
 r - a potion of resistance {unknown}


   Skills:
 + Level 1.6 Fighting
 + Level 3.5 Dodging
 + Level 3.8 Stealth
 + Level 4.2 Spellcasting
 + Level 2.5 Conjurations
 + Level 4.1 Fire Magic


You had 3 spell levels left.
You knew the following spells:

 Your Spells              Type           Power        Failure   Level
a - Conjure Flame         Conj/Fire      18%          9%          3
b - Fireball              Conj/Fire      9%           63%         5
x - Foxfire               Conj/Fire      72%          3%          1

Your spell library contained the following spells:

 Spells                   Type           Power        Failure   Level
 Magic Dart               Conj           56%          4%          1
 Inner Flame              Hex/Fire       13%          16%         3
 Sticky Flame             Conj/Fire      18%          30%         4


Dungeon Overview and Level Annotations

Branches:
Dungeon (5/15)
 Temple: D:4-7

Altars:
Ashenzari
Hepliaklqana
Kikubaaqudgha
Nemelex Xobeh
Trog
Vehumet


Message History

The foxfire hits the ice beast.
The ice beast melts!
The ice beast is heavily wounded.
The foxfire hits the ice beast.
The ice beast melts!
The ice beast is severely wounded.
The ice beast hits you. The ice beast freezes you.
* * * LOW HITPOINT WARNING * * *
Casting: Foxfire (safe; 3% risk of failure)
Confirm with . or Enter, or press ? or * to list all spells.
You conjure some foxfire!
The ice beast closely misses you.
The foxfire hits the ice beast.
The ice beast melts!
The ice beast is almost dead.
The foxfire hits the ice beast but does no damage.
The ice beast is almost dead.
The ice beast hits you but does no damage.
Casting: Foxfire (safe; 3% risk of failure)
Confirm with . or Enter, or press ? or * to list all spells.
You conjure some foxfire!
The ice beast hits you.
* * * LOW HITPOINT WARNING * * *
The ice beast freezes you.
You die...

#################################
...............Yv§...#..........#
................@....#..........#
................v....#..........#
.....................#..........#
.....................#..........#
.....................#..........#
##.####'####.####...####..##.#..#
#######.####.####...####..##)####
#..........#....#.............#
#..........#....#.............#


You could see an ice beast.

Vanquished Creatures
  A bullfrog skeleton (D:4)
  Jessica (D:2)
  A worker ant (D:4)
  A howler monkey skeleton (D:4)
  4 adders
  An adder skeleton (D:4)
  3 worms
  3 dart slugs
  4 leopard geckos
  3 orcs
  2 giant cockroaches
  7 goblins
  7 hobgoblins
  12 jackals
  A kobold (D:3)
  A quokka (D:2)
  4 bats
  3 frilled lizards
  A jackal skeleton (D:4)
  4 rats
64 creatures vanquished.

Vanquished Creatures (others)
  217 foxfires
217 creatures vanquished.

Grand Total: 281 creatures vanquished

Notes
Turn   | Place    | Note
-------+----------+-------------------------------------------
     0 | D:1      | jifgo the Deep Elf Fire Elementalist began the quest for
                  | the Orb.
     0 | D:1      | Reached XP level 1. HP: 10/10 MP: 6/6
   311 | D:1      | Reached XP level 2. HP: 16/16 MP: 6/8
   674 | D:2      | Noticed Jessica
   679 | D:2      | Killed Jessica
   680 | D:2      | Reached XP level 3. HP: 20/20 MP: 7/10
   899 | D:2      | Reached skill level 1 in Fighting
   987 | D:2      | Reached XP level 4. HP: 25/25 MP: 6/11
  1002 | D:2      | Learned a level 3 spell: Conjure Flame
  1483 | D:2      | Found a sparkling altar of Nemelex Xobeh.
  1483 | D:2      | Found a bloodstained altar of Trog.
  1487 | D:2      | Found a radiant altar of Vehumet.
  1487 | D:2      | Found an ancient bone altar of Kikubaaqudgha.
  1495 | D:2      | Became a worshipper of Vehumet
  1570 | D:3      | Found a broken altar of Ashenzari.
  1632 | D:3      | Found a hazy altar of Hepliaklqana.
  2352 | D:4      | Reached XP level 5. HP: 29/29 MP: 10/13
  2376 | D:4      | Learned a level 5 spell: Fireball
  2616 | D:4      | Reached * piety under Vehumet
  2616 | D:4      | Offered knowledge of Magic Dart by Vehumet.
  2912 | D:5      | Entered Level 5 of the Dungeon
  2912 | D:5      | Noticed an ice beast
  2912 | D:5      | Noticed an ogre
  2923 | D:4      | Slain by an ice beast

Illustrated notes

Levels and vault maps discovered:
D:1:      dpeg_arrival_shrine, layout_basic
D:2:      layout_rooms, grunt_temple_overflow_open, minmay_misc_feat_rugged,
          chequers_garden, uniq_jessica
D:3:      layout_rooms, general_overflow_altar, nzn_hepliaklqana_mist_gate
D:4:      layout_gridville
D:5:      layout_cave_pools, nicolae_dithmenos_shadow_blocks

Skill      XL: |  1  2  3  4  5 |
---------------+----------------+-----
Stealth        | 3 |  3.8
Fighting       | 1 |  1.6
Dodging        | 3 |  3.5
Conjurations   | 2 |  2.5
Spellcasting   | 4 |  4.2
Fire Magic     | 4 |  4.1

Action                   |  1- 3 |  4- 6 || total
-------------------------+-------+-------++-------
Melee: Unarmed           |     1 |       ||     1
 Cast: Foxfire           |    34 |    84 ||   118
Armor: Robe              |     2 |    11 ||    13
Dodge: Dodged            |     9 |    26 ||    35
